 Dungeon Crawl Stone Soup version 0.28-a0-556-gab23d0e057 (webtiles) character file.

Game seed: 7929889992397474172

216 Shayle the Skirmisher (level 5, -2/57 HPs)
             Began as an Ogre Warper on Sept 28, 2021.
             Slain by an adder (3 damage)
             ... on level 5 of the Dungeon.
             The game lasted 00:08:52 (2523 turns).

Shayle the Skirmisher (Ogre Warper)                 Turns: 2523, Time: 00:08:53

Health: -2/57      AC:  3    Str: 15    XL:     5   Next: 93%
Magic:  8/8        EV: 10    Int: 15    God:
Gold:   47         SH:  0    Dex: 14    Spells: 3/8 levels left

rFire   . . .      SeeInvis .   f - +2 whip (drain)
rCold   . . .      Faith    .   (no shield)
rNeg    . . .      Spirit   .   b - +0 robe
rPois   .          Reflect  .   (helmet restricted)
rElec   .          Harm     .   (no cloak)
rCorr   .          Rampage  .   (gloves unavailable)
Will    .....                   (boots unavailable)
Stlth   +.........              (no amulet)
HPRegen 0.19/turn               c - +6 ring of dexterity
MPRegen 0.11/turn               (no ring)

@: lethally poisoned (-2 -> -3)
A: large, unfitting armour, tough skin 1
a: no special abilities


You were on level 5 of the Dungeon.
You visited 1 branch of the dungeon, and saw 5 of its levels.

You collected 47 gold pieces.

Inventory:

Hand Weapons
 a - a +0 spear
 f - a +2 whip of draining (weapon)
 i - a +2 glaive of distortion
 n - a +2 vorpal hand axe
Missiles
 j - 3 boomerangs (quivered)
Armour
 b - a +0 robe (worn)
 g - a +0 kite shield
Jewellery
 c - a +6 ring of dexterity (left hand)
 d - a +6 ring of dexterity
 l - a +6 ring of strength
Scrolls
 e - a scroll of identify
 k - a scroll of fog
Potions
 h - a potion of mutation


   Skills:
 + Level 5.3 Fighting
 + Level 4.0 Polearms
 - Level 1.0 Throwing
 - Level 2.1 Dodging
 + Level 2.1 Shields
 - Level 2.4 Spellcasting
 - Level 2.6 Translocations


You had 3 spell levels left.
You knew the following spells:

 Your Spells              Type           Power      Damage    Failure   Level
a - Blink                 Tloc           N/A        N/A       11%         2
b - Teleport Other        Tloc           9%         N/A       22%         3

Your spell library contained the following spells:

 Spells                   Type           Power      Damage    Failure   Level
 Gell's Gravitas          Tloc           4%         N/A       22%         3
 Lesser Beckoning         Tloc           9%         N/A       22%         3
 Manifold Assault         Tloc           9%         N/A       89%         5
 Dispersal                Tloc           4%         N/A       100%        6


Dungeon Overview and Level Annotations

Branches:
Dungeon (5/15)
 Temple: D:4-7

Altars:
Cheibriados
Okawaru
Sif Muna
Wu Jian
Yredelemnul

Annotations:
D:2 Terence


Innate Abilities, Weirdness & Mutations

You are too large for most types of armour.
You have tough skin. (AC +1)


Message History

You feel strangely unstable.
You feel sick.
The centaur zombie hits you but does no damage.
The centaur zombie kicks you but does no damage.
You feel sick.
Your surroundings suddenly seem different.
Found a plate armour.
You feel sick.
You barely miss the adder.
The adder hisses angrily.
You feel sick. The adder bites you.
* * * LOW HITPOINT WARNING * * *
You miss the adder.
You feel sick.
You are no longer poisoned.
The adder bites you but does no damage. x2
You hit the adder.
The adder is heavily wounded.
The adder bites you.
* * * LOW HITPOINT WARNING * * *
You closely miss the adder.
The adder is heavily wounded.
The adder bites you.
* * * LOW HITPOINT WARNING * * *
You are lethally poisoned!
The adder poisons you! The adder misses you.
Okay, then.
You aren't carrying any items that you can evoke.
Unknown command.
You miss the adder.
The adder is heavily wounded.
* * * LOW HITPOINT WARNING * * *
You feel sick. The adder closely misses you.
You miss the adder.
The adder is heavily wounded.
* * * LOW HITPOINT WARNING * * *
You feel sick. The adder bites you but does no damage.
The adder barely misses you.
You miss the adder.
The adder is moderately wounded.
* * * LOW HITPOINT WARNING * * *
You feel sick. The adder bites you.
You die...

>.........
#.........#
#......)..# #..(..
#.........# #.....
#.........# .....
#.......(.# #....
..###.........# #...
....[.........# #.##
#..S@(.....#######..#
#....................
#.#........########..
# #......... ##.
........... #.
.#.......... ##
##).......... #
............ #
.......


You could see an adder.

Vanquished Creatures
  A scorpion (D:5)
  An orc priest (D:3)
  An orc wizard (D:2)
  2 gnolls (D:3)
  2 adders
  6 orcs
  7 bats
  8 endoplasms
  3 giant cockroaches
  7 goblins
  3 hobgoblins
  4 jackals
  4 kobolds
  4 ball pythons
  4 frilled lizards
  5 rats
62 creatures vanquished.

Notes
Turn   | Place    | Note
-------+----------+-------------------------------------------
     0 | D:1      | Shayle the Ogre Warper began the quest for the Orb.
     0 | D:1      | Reached XP level 1. HP: 22/22 MP: 3/3
    33 | D:1      | Reached skill level 3 in Fighting
    50 | D:2      | Reached XP level 2. HP: 9/31 MP: 5/5
   397 | D:2      | Learned a level 2 spell: Blink
   423 | D:2      | Reached XP level 3. HP: 33/39 MP: 6/6
   427 | D:2      | Learned a level 3 spell: Teleport Other
   598 | D:2      | Noticed Terence
   827 | D:1      | Reached skill level 4 in Fighting
  1328 | D:3      | Found a basalt altar of Yredelemnul.
  1328 | D:3      | Found an ornate altar of the Wu Jian Council.
  1330 | D:3      | Found a snail-covered altar of Cheibriados.
  1396 | D:3      | Reached XP level 4. HP: 47/47 MP: 7/7
  1491 | D:3      | Reached skill level 1 in Shields
  1568 | D:3      | Reached XP level 5. HP: 53/55 MP: 8/8
  1849 | D:3      | Found an iron altar of Okawaru.
  1985 | D:3      | Reached skill level 5 in Fighting
  2019 | D:5      | Entered Level 5 of the Dungeon
  2245 | D:5      | Noticed a centaur
  2475 | D:5      | Found a shimmering blue altar of Sif Muna.
  2522 | D:5      | HP: 2/57 [poisoned by an adder]
  2523 | D:5      | Slain by an adder

Illustrated notes

Levels and vault maps discovered:
D:1:      dpeg_arrival_solitude, layout_rooms
D:2:      layout_rooms, st_stairs_6, uniq_terence
D:3:      layout_loops_cross, okawaru_ov_weapons_minmay, minitemple
D:4:      minmay_general_purpose_star, layout_gridville, grunt_dithmenos_smoke,
          minmay_temple_entry_statues_fountains
D:5:      layout_basic, mainiacjoe_overflow_big_doors, general_overflow_altar

Skill      XL: |  1  2  3  4  5 |
---------------+----------------+-----
Fighting       | 3 4 5 |  5.3
Polearms       | 3 4 |  4.0
Shields        | 1 2 |  2.1
Throwing       | |  1.0
Dodging        | |  2.1
Spellcasting   | |  2.4
Translocations | |  2.6

Action                   |  1- 3 |  4- 6 || total
-------------------------+-------+-------++-------
Melee: Spear             |    78 |       ||    78
       Whip              |    50 |    70 ||   120
Throw: Boomerang         |     5 |       ||     5
 Cast: Teleport Other    |       |     2 ||     2
       Blink             |       |     1 ||     1
  Use: Scroll            |     4 |     4 ||     8
 Stab: Sleeping          |     3 |       ||     3
Armor: Robe              |    61 |    25 ||    86
Dodge: Dodged            |    79 |    36 ||   115

Table legend: (Time is in decaauts)
 A = Elapsed time spent in this place.
 B = Non-inter-level travel time spent in this place.
 C = Inter-level travel time spent in this place.
 D = Time resting spent in this place.
 E = Time spent auto-exploring this place.
 F = Levels seen in this place.
 G = Mean time per level.
                   A        B        C        D        E       F      G
               +--------+--------+--------+--------+--------+-----+--------+
         Total |   2537 |   2532 |      5 |   1018 |    630 |   5 |  507.4 |
       Dungeon |   2537 |   2532 |      5 |   1018 |    630 |   5 |  507.4 |
               +--------+--------+--------+--------+--------+-----+--------+

Top non-repeatable levels by time:
     D:2: 746 daAuts
     D:3: 667 daAuts
     D:1: 610 daAuts
     D:5: 491 daAuts
     D:4: 20 daAuts
